 Dungeon Sprint DCSS version 0.13-a0-2640-geebf78d (webtiles) character file.

400 Kae the Conjurer (level 5, -1/27 (28) HPs)
             Began as a Tengu Fire Elementalist on Aug 6, 2013.
             Slain by a necrophage (7 damage)
             ... in the Dungeon (Sprint II: "The Violet Keep of Menkaure").
             The game lasted 00:01:07 (464 turns).

Kae the Conjurer (Tengu Fire Elementalist)           Turns: 464, Time: 00:01:07

HP  -1/27 (28)   AC  2     Str  8      XL: 5   Next: 20%
MP   1/14        EV 12     Int 16      God:
Gold 263         SH  0     Dex 15      Spells:  2 memorised, 10 levels left

Res.Fire  : . . .   See Invis. : .   (no weapon)
Res.Cold  : . . .   Warding    : .   a - +0 robe
Life Prot.: . . .   Conserve   : .   (no shield)
Res.Poison: .       Res.Corr.  : .   (helmet restricted)
Res.Elec. : .       Clarity    : .   (no cloak)
Sust.Abil.: . .     Spirit.Shd : .   (no gloves)
Res.Mut.  : .       Prev.Telep.: +   (boots unavailable)
Res.Rott. : .       Flight     : .   (no amulet)
Saprovore : . . .                    (no ring)
                                     (no ring)

@: non-regenerating, diseased, rotting, slightly resistant to hostile
enchantments, fairly stealthy
A: able to fly, beak, talons 3
a: Fly


You were in the Dungeon.
You were not hungry.

You visited 1 branch You collected 243 gold pieces.

Inventory:

Armour
 a - a +0 robe (worn)
Comestibles
 c - a bread ration
Scrolls
 i - a scroll of blinking
Potions
 d - a potion of curing
 e - a potion of heal wounds
 f - a potion of speed
 g - 2 potions of magic
 h - a potion of berserk rage
Books
 b - a book of Flames

   Spells                             Type                      Level
   *Flame Tongue                      Conjuration/Fire             1
   *Throw Flame                       Conjuration/Fire             2
   Conjure Flame                      Conjuration/Fire             3
   Inner Flame                        Hexes/Fire                   3
   Sticky Flame                       Conjuration/Fire             4
   Fireball                           Conjuration/Fire             5


   Skills:
 - Level 2.1 Dodging
 - Level 2.0 Stealth
 + Level 4.5 Spellcasting
 * Level 9.2 Conjurations
 + Level 6.3 Fire Magic


You had 10 spell levels left.
You knew the following spells:

 Your Spells              Type           Power        Failure   Level  Hunger
a - Flame Tongue          Conj/Fire      ####.        1%          1    None
b - Throw Flame           Conj/Fire      ####..       1%          2    ##.....


Dungeon Overview and Level Annotations

Branches:
Dungeon (1/1)

Altars:


Innate Abilities, Weirdness & Mutations

You can fly.
You have a beak for a mouth.
You have claws for feet.


Message History

The necrophage eats the necrophage corpse.
The necrophage completely misses you.
Casting: Flame Tongue
Confirm with . or Enter, or press ? or * to list all spells.
Aiming: Flame Tongue
Press: ? - help, Shift-Dir - straight line, f/p - necrophage
Aim: a necrophage The flame hits the necrophage.
The necrophage is lightly damaged.
The necrophage hits you.
You see here a rotting giant centipede corpse.
You closely miss the necrophage.
The necrophage is lightly damaged.
The necrophage eats the rotting giant centipede corpse.
The necrophage hits you!
* * * LOW HITPOINT WARNING * * *
You closely miss the necrophage.
You peck the necrophage, but do no damage.
The necrophage hits you!
You die...

##+##
##.#.##
#..#@.# #
###n### #
#. #'# w#
#j##<##.w#
#+.<.+$#
#.jj##<##w#
##. #'# w#
# .#. # n.
.n


You could see a necrophage.

Vanquished Creatures
  A necrophage (D)
  4 giant centipedes (D)
5 creatures vanquished.

Notes
Turn   | Place    | Note
--------------------------------------------------------------
     0 | D        | Kae, the Tengu Fire Elementalist, began the quest for the Orb.
     0 | D        | Reached XP level 1. HP: 10/10 MP: 3/3
     1 | D        | Noticed a brain worm
     1 | D        | Noticed a brain worm
     1 | D        | Noticed a brain worm
     1 | D        | Noticed a brain worm
     5 | D        | Noticed an agate snail
     5 | D        | Noticed an agate snail
     5 | D        | Noticed an agate snail
    11 | D        | Reached skill level 4 in Conjurations
    11 | D        | Reached XP level 2. HP: 15/15 MP: 3/5
    47 | D        | Learned a level 2 spell: Throw Flame
    90 | D        | Reached skill level 5 in Conjurations
    90 | D        | Reached XP level 3. HP: 17/19 MP: 5/7
   447 | D        | Noticed a necrophage
   447 | D        | Noticed a necrophage
   447 | D        | Noticed a necrophage
   447 | D        | Noticed a necrophage
   458 | D        | Killed a necrophage
   458 | D        | Reached skill level 9 in Conjurations
   458 | D        | Reached XP level 4. HP: 14/23 MP: 3/11
   458 | D        | Reached XP level 5. HP: 16/27 MP: 3/14
   464 | D        | Slain by a necrophage

Action                   |  1- 3 |  4- 6 || total
-------------------------+-------+-------++-------
Melee: Unarmed           |       |     2 ||     2
 Cast: Flame Tongue      |    11 |     3 ||    14
       Throw Flame       |     1 |       ||     1
